 Dungeon Crawl Stone Soup version 0.32-a0-996-gb3226c233f (webtiles) character file.

Game seed: 7456339153324329427

140 ezpacito the Trooper (level 5, 0/41 HPs)
             Began as a Coglin Chaos Knight on Apr 23, 2024.
             Was a Plaything of Xom.
             Slain by a gnoll
             ... wielding a +0 halberd of flaming
              (11 damage)
             ... on level 3 of the Dungeon.
             The game lasted 00:02:40 (2578 turns).

ezpacito the Trooper (Coglin Chaos Knight)          Turns: 2578, Time: 00:02:40

Health: 0/41       AC: 13    Str: 14    XL:     5   Next: 23%
Magic:  6/6        EV:  6    Int: 11    God:    Xom [..*...]
Gold:   121        SH:  0    Dex: 14    Spells: 0/5 levels left

rFire   . . .        a - +0 hand axe (chaos) {Caesarion}
rCold   + . .        j - +0 spear {Yashnoor}
rNeg    . . .        r - +0 chain mail
rPois   .            o - +2 helmet "Ytythrakk" {rC+}
rElec   .            (no cloak)
rCorr   .            (no gloves)
SInv    .            h - +0 pair of boots
Will    .....        (amulet unavailable) Stlth
                     (ring unavailable)
HPRegen 0.26/turn    (ring unavailable)
MPRegen 0.10/turn    (no gizmo)

%: no passive effects
@: revving
A: off-hand wielding, slow wielding, warmup strikes, no jewellery
a: Invent Gizmo, Renounce Religion


You were on level 3 of the Dungeon.
You worshipped Xom.
You were a toy of Xom.
You visited 1 branch of the dungeon, and saw 3 of its levels.

You collected 121 gold pieces.

Inventory:

Hand Weapons
 a - a +0 hand axe of chaos (weapon) {Caesarion}
 j - a +0 spear (offhand) {Yashnoor}
 l - a +0 sling
 q - a +2 heavy hand axe
Missiles
 c - 6 atropa-tipped darts
 k - 5 poisoned darts (quivered)
Armour
 h - a +0 pair of boots (worn)
 o - the +2 helmet "Ytythrakk" (worn) {rC+}
   (You took it off Robin on level 3 of the Dungeon)

   rC+:       It protects you from cold.
 r - a +0 chain mail (worn)
Talismans
 d - a dragon-blood talisman
Wands
 p - a wand of paralysis (11)
Scrolls
 f - a scroll of fear {unknown}
 i - 2 scrolls of identify
 n - a scroll of enchant weapon {unknown}
 t - 2 scrolls of teleportation
Potions
 b - a potion of degeneration {unknown}
 g - a potion of enlightenment {unknown}


   Skills:
 * Level 3.6 Fighting
 * Level 3.5(3.7) Axes
 * Level 1.0(2.3) Polearms
 + Level 0.7 Throwing
 * Level 2.2 Armour
 * Level 1.6 Dodging
 + Level 1.1 Stealth
 + Level 0.8 Spellcasting
 + Level 0.0 Hexes
 + Level 0.0 Summonings
 + Level 0.2 Evocations
 + Level 0.3 Shapeshifting


You couldn't memorise any spells.
You knew the following spells:

 Your Spells              Type           Power      Damage    Failure   Level
a - Summon Mana Viper     Hex/Summ       0%         N/A       100%        5

Your spell library contained the following spells:

 Spells                   Type           Power      Damage    Failure   Level
 Summon Ice Beast         Ice/Summ       0%         N/A       100%        3
 Monstrous Menagerie      Summ           0%         N/A       100%        7


Dungeon Overview and Level Annotations

Branches:
Dungeon (3/15)

Altars:
Cheibriados
Sif Muna


Innate Abilities, Weirdness & Mutations

You can wield a second weapon in your off-hand.
It takes a long time for you to wield or remove held weapons.
Your first few attacks do less damage.
You cannot equip rings or amulets.


Message History

The gnoll burns you. The gnoll barely misses you.
The hobgoblin hits you but does no damage.
You take 4 damage, and have 18/41 hp.
The gnoll attacks as it pursues you! The gnoll hits you but does no damage.
The hobgoblin hits you.
You take 3 damage, and have 15/41 hp.
Okay, then.
It was a potion of curing.
You feel better.
Xom roars with laughter!
The gnoll barely misses you. The gnoll hits you with a +0 whip.
The hobgoblin hits you but does no damage.
Okay, then.
The gnoll attacks as it pursues you! The gnoll hits you but does no damage.
The ball python bites you but does no damage.
The ball python grabs you. The ball python constricts you.
You closely miss the ball python with your +0 spear.
You closely miss the ball python with your +0 hand axe of chaos.
You hit the hobgoblin but do no damage.
The hobgoblin suddenly seems more resistant.
You barely miss the gnoll with your +0 hand axe of chaos.
The ball python bites you but does no damage.
The ball python constricts you. The hobgoblin hits you.
The gnoll hits you but does no damage.
You take 1 damage, and have 15/41 hp.
You completely miss the ball python with your +0 hand axe of chaos.
You hit the hobgoblin with your +0 hand axe of chaos.
You hit the gnoll but do no damage.
The gnoll is poisoned.
You hit the ball python with your +0 spear.
You kill the ball python!
The gnoll barely misses you.
The hobgoblin hits you but does no damage.
The gnoll hits you with a +0 whip.
* * * LOW HITPOINT WARNING * * *
You take 4 damage, and have 11/41 hp.
As you read the scroll labelled OJIMAW REMEU, it crumbles to dust.
It is a scroll of identify.
e - 2 scrolls of teleportation;
t - 2 scrolls of teleportation
i - 2 scrolls of identify;
f - a scroll labelled EKLAFI PIJONT The gnoll hits you from afar with a +0 halberd of flaming!
You die...

##.............##...
#..............#.#
#................#
#.....<........###
#####..........#
#..........#
##.....g..##
#......gg..#
#......@...#
#.......†..#
#..........#
#..........#
##........##
##......## ########


You could see 2 gnolls and a hobgoblin (resistant).

Vanquished Creatures
  Robin (D:3)
  A gnoll (D:3)
  4 adders (D:2)
  A ribbon worm (D:2)
  A dart slug (D:3)
  An orc (D:3)
  3 endoplasms
  A giant cockroach (D:3)
  13 goblins
  11 hobgoblins
  8 jackals (D:1)
  4 kobolds
  3 quokkas
  5 ball pythons
  3 bats (D:1)
  10 rats
70 creatures vanquished.

Vanquished Creatures (collateral kills)
  A ribbon worm (D:2)
1 creature vanquished.

Vanquished Creatures (others)
  A rat zombie (D:2)
1 creature vanquished.

Grand Total: 72 creatures vanquished

Notes
Turn   | Place    | Note
-------+----------+-------------------------------------------
     0 | D:1      | ezpacito the Coglin Chaos Knight began the quest for the
                  | Orb.
     0 | D:1      | Reached XP level 1. HP: 18/18 MP: 1/1
    70 | D:1      | Reached skill level 1 in Dodging
    70 | D:1      | Reached XP level 2. HP: 20/24 MP: 2/2
   435 | D:1      | XOM: silly message
   471 | D:1      | Reached XP level 3. HP: 29/29 MP: 3/3
   496 | D:1      | XOM: silly message
   727 | D:1      | XOM: silly message
  1263 | D:2      | XOM is BORED!
  1263 | D:2      | XOM: silly message
  1488 | D:2      | XOM: divination: magic mapping
  1510 | D:2      | Found a shimmering blue altar of Sif Muna.
  1705 | D:2      | XOM: divination: detect items
  1715 | D:2      | Reached XP level 4. HP: 29/35 MP: 5/5
  1717 | D:2      | Reached skill level 1 in Stealth
  2155 | D:2      | XOM: silly message
  2215 | D:3      | Found a snail-covered altar of Cheibriados.
  2218 | D:3      | Found a faded altar of an unknown god.
  2233 | D:3      | Identified the +2 helmet "Ytythrakk" {rC+}
  2233 | D:3      | Noticed Robin
  2245 | D:3      | Killed Robin
  2246 | D:3      | Reached skill level 1 in Polearms
  2250 | D:3      | Reached XP level 5. HP: 27/41 MP: 6/6
  2397 | D:3      | Learned a level 5 spell: Summon Mana Viper
  2572 | D:3      | XOM: silly message
  2578 | D:3      | Slain by a gnoll

Illustrated notes

Levels and vault maps discovered:
D:1:      erik_arrival_cave_to_civilisation [erik_arrival_cave_to_hall],
          layout_basic
D:2:      layout_loops_ring, basic_altar, serial_forest,
          infiniplex_forest_end_2, infiniplex_forest_zigzag_1,
          infiniplex_forest_end_2, infiniplex_forest_zigzag_1,
          infiniplex_forest_end_double, infiniplex_forest_lined_room_,
          infiniplex_forest_join
D:3:      layout_rooms, lemuel_doored_altar, nicolae_overflow_hidden_temple,
          chequers_ecumenical_altar_simple_redux, minmay_checkerbox, uniq_robin

Skill      XL: |  1  2  3  4 |
---------------+-------------+-----
Dodging        | 1 |  1.6
Armour         | 2 |  2.2
Stealth        | 1 |  1.1
Polearms       | 1 |  1.0
Fighting       | |  3.6
Axes           | |  3.5
Throwing       | |  0.7
Spellcasting   | |  0.8
Evocations     | |  0.2
Shapeshifting  | |  0.3

Action                     |  1- 3 |  4- 6 || total
---------------------------+-------+-------++-------
  Melee: Hand axe          |    74 |    55 ||   129
         Dagger            |    45 |       ||    45
         Spear             |    35 |    61 ||    96
  Throw: Dart              |       |     3 ||     3
    Use: Scroll            |       |     2 ||     2
         Potion            |       |     1 ||     1
   Stab: Held in net/web   |     1 |       ||     1
         Sleeping          |     2 |     2 ||     4
         Confused          |       |     1 ||     1
 Armour: Leather armour    |    39 |    26 ||    65
         Chain mail        |       |    23 ||    23
  Dodge: Dodged            |    48 |    23 ||    71

Table legend: (Time is in decaauts)
 A = Elapsed time spent in this place.
 B = Non-inter-level travel time spent in this place.
 C = Inter-level travel time spent in this place.
 D = Time resting spent in this place.
 E = Time spent auto-exploring this place.
 F = Levels seen in this place.
 G = Mean time per level.
                   A        B        C        D        E       F      G
               +--------+--------+--------+--------+--------+-----+--------+
         Total |   2588 |   2225 |    363 |      0 |   1797 |   3 |  862.7 |
       Dungeon |   2588 |   2225 |    363 |      0 |   1797 |   3 |  862.7 |
               +--------+--------+--------+--------+--------+-----+--------+

Top non-repeatable levels by time:
     D:1: 1319 daAuts
     D:2: 902 daAuts
     D:3: 366 daAuts
